 Dungeon Crawl Stone Soup version 0.25.1-4-g9407a263a5 (webtiles) character file.

Game seed: 8155881928912081460

6404 Gabide the Spear-Bearer (level 11, 0/80 HPs)
             Began as a Human Gladiator on Nov 29, 2020.
             Was a High Priest of Zin.
             Slain by a manticore (6 damage)
             ... on level 10 of the Dungeon.
             The game lasted 00:26:49 (11612 turns).

Gabide the Spear-Bearer (Human Gladiator)          Turns: 11612, Time: 00:26:49

Health: 0/80       AC: 15    Str: 18    XL:     11   Next: 18%
Magic:  13/13      EV: 15    Int:  9    God:    Zin [*****.]
Gold:   127        SH:  0    Dex: 17    Spells: 10/10 levels left

rFire    . . .     SeeInvis .   r - +0 halberd
rCold    . . .     Gourm    .   (shield currently unavailable)
rNeg     . . .     Faith    +   o - +1 ring mail
rPois    ∞         Spirit   .   c - +2 helmet
rElec    .         Reflect  .   n - +2 cloak {rCorr}
rCorr    +         Harm     .   p - +1 pair of gloves
MR       +....                  (no boots)
Stlth    ..........             v - amulet of faith
HPRegen  0.23/turn              f - ring of protection from magic
MPRegen  0.13/turn              d - +4 ring of slaying

@: confused, vitalised
A: no striking features
a: Recite, Vitalisation, Imprison, Sanctuary, Donate Gold, Renounce Religion


You were on level 10 of the Dungeon.
You worshipped Zin.
Zin was extremely pleased with you.
You were not hungry.

You visited 1 branch of the dungeon, and saw 10 of its levels.

You collected 504 gold pieces.
You spent 227 gold pieces at shops.
You donated 150 gold pieces to Zin.

Inventory:

Hand Weapons
 r - a +0 halberd (weapon)
Missiles
 k - 47 poisoned darts
 q - 8 boomerangs (quivered)
Armour
 c - a +2 helmet (worn)
 g - a +0 buckler of protection
 m - +0 fire dragon scales
 n - a +2 cloak of preservation (worn)
 o - a +1 ring mail (worn)
 p - a +1 pair of gloves (worn)
Jewellery
 d - a +4 ring of slaying (right hand)
 f - a ring of protection from magic (left hand)
 h - an uncursed amulet of magic regeneration
 v - an amulet of faith (around neck)
Wands
 e - a wand of enslavement (4)
 s - a wand of paralysis (7)
Scrolls
 i - 4 scrolls of identify
 j - 7 scrolls of remove curse
 t - a scroll of magic mapping
Potions
 w - a potion of flight {unknown}
Comestibles
 l - 6 rations


   Skills:
 + Level 5.4 Fighting
 * Level 12.3 Polearms
 - Level 2.0 Throwing
 + Level 5.4 Armour
 + Level 6.9 Dodging
 - Level 1.4 Stealth
 - Level 1.1 Shields
 + Level 3.9 Invocations


You had 10 spell levels left.
You didn't know any spells.
Your spell library contained the following spells:

 Spells                   Type           Power        Failure   Level  Hunger
 Animate Skeleton         Necr           N/A          56%         1    ##.....
 Pain                     Necr           #...         56%         1    ##.....
 Confusing Touch          Hex            #.......     90%         3    ####...
 Gell's Gravitas          Tloc           #.........   90%         3    ####...
 Vampiric Draining        Necr           #.........   90%         3    ####...
 Animate Dead             Necr           N/A          100%        4    #####..
 Petrify                  Tmut/Erth      #.......     100%        4    #####..
 Agony                    Necr           #.......     100%        5    ######.
 Metabolic Englaciation   Hex/Ice        #.........   100%        5    ######.
 Yara's Violent Unravell  Hex/Tmut       #.........   100%        5    ######.


Dungeon Overview and Level Annotations

Branches:
Dungeon (10/15)            Temple (0/1) D:4             Orc (0/2) D:9
   Lair: D:8-11

Altars:
Ashenzari
Cheibriados
Dithmenos
Elyvilon
Hepliaklqana
Nemelex Xobeh
Qazlal
Ru
Sif Muna
Trog
Uskayaw
Vehumet
Wu Jian
Xom
Zin
The Shining One

Shops:
D:7 [


Message History

The manticore barely misses you. The manticore misses you.
The manticore barely misses you.
You are confused.
You feel invigorated.
You are ready to recite again.
The manticore bites you but does no damage.
The manticore claws you but does no damage. x2
You slash the manticore!
The manticore is heavily wounded.
You barely miss the manticore.
The manticore is heavily wounded.
The manticore bites you but does no damage.
The manticore claws you but does no damage.
The manticore barely misses you. The troll bites you!
The troll completely misses you. The troll claws you!
* * * LOW HITPOINT WARNING * * *
You're too confused to move!
The manticore bites you!
* * * LOW HITPOINT WARNING * * *
The manticore claws you.
You die...

#...# #.T. #.### ##.
##.# .. ##..##
...#....# ......†...#
###
).........########....
≈..............T......
..............@H...>..
≈..###...####..#......
.....# #...#
........... ≈≈≈..#
#...#...####.###.
≈≈≈..###.....$. #
≈≈............#
;..T..........
≈≈≈..?.......#
≈.;.......# ..


You could see a manticore and a troll.

Vanquished Creatures
  A two-headed ogre (D:9)
  Pikel (D:7)
  A deep elf mage (D:6)
  Prince Ribbit (D:5)
  A hippogriff (D:8)
  6 yaks (D:9)
  Eustachio (D:4)
  Menkaure (D:7)
  A water moccasin (D:8)
  Duvessa (D:5)
  A black bear (D:8)
  An orc warrior (D:6)
  2 phantoms
  2 centaurs
  2 ogres
  A wolf (D:10)
  A crocodile (D:8)
  4 bullfrogs
  A gnoll sergeant (D:8)
  Dowan (D:5)
  3 scorpions
  8 wights
  4 howler monkeys
  4 crimson imps
  A bullfrog zombie (D:6)
  A centaur zombie (D:6)
  A quasit (D:8)
  A bullfrog skeleton (D:10)
  4 orc priests
  6 orc wizards
  8 hounds
  Crazy Yiuf (D:3)
  An iguana (D:5)
  9 worker ants
  A killer bee zombie (D:9)
  A worker ant zombie (D:7)
  8 gnolls
  7 adders
  3 shadow imps
  An ooze (D:2)
  4 worms
  A dart slug (D:1)
  7 leopard geckos
  18 orcs
  12 bats
  2 giant cockroaches
  14 goblins
  8 hobgoblins
  8 jackals
  A ball python (D:3)
  7 frilled lizards
  2 jackal skeletons
  8 kobolds
  7 rats
203 creatures vanquished.

Vanquished Creatures (others)
  A wizard (D:5)
1 creature vanquished.

Grand Total: 204 creatures vanquished

Notes
Turn   | Place    | Note
-------+----------+-------------------------------------------
     0 | D:1      | Gabide the Human Gladiator began the quest for the Orb.
     0 | D:1      | Reached XP level 1. HP: 16/16 MP: 1/1
    47 | D:1      | Found a sparkling altar of Nemelex Xobeh.
    49 | D:1      | Found an ornate altar of the Wu Jian Council.
    49 | D:1      | Found a sparkling altar of Nemelex Xobeh.
    51 | D:1      | Found a bloodstained altar of Trog.
    51 | D:1      | Found a hazy altar of Hepliaklqana.
    51 | D:1      | Found a shimmering altar of Xom.
   171 | D:1      | Reached XP level 2. HP: 20/22 MP: 2/2
   679 | D:1      | Reached XP level 3. HP: 23/27 MP: 3/3
  1270 | D:2      | Reached skill level 4 in Polearms
  1360 | D:2      | Found a shattered altar of Ashenzari.
  1626 | D:2      | Reached XP level 4. HP: 30/33 MP: 4/4
  2140 | D:2      | Found a glowing silver altar of Zin.
  2143 | D:2      | Became a worshipper of Zin the Law-Giver
  2508 | D:3      | Reached XP level 5. HP: 36/38 MP: 5/5
  2969 | D:3      | Reached skill level 1 in Armour
  2983 | D:3      | Reached skill level 5 in Polearms
  3366 | D:3      | Reached * piety under Zin
  3396 | D:3      | Found a hide-covered altar of Uskayaw.
  3399 | D:3      | Noticed a +0 dagger
  3400 | D:3      | Noticed a -1 hand axe
  3550 | D:3      | Found a runed translucent door.
  3551 | D:3      | Noticed Crazy Yiuf
  3716 | D:3      | Reached XP level 6. HP: 38/44 MP: 6/6
  3718 | D:3      | Found a faded altar of an unknown god.
  3892 | D:3      | Found a stormy altar of Qazlal.
  3893 | D:3      | Found a glowing golden altar of the Shining One.
  3967 | D:3      | Killed Crazy Yiuf
  4175 | D:4      | Noticed an ogre
  4185 | D:4      | Killed an ogre
  4185 | D:4      | Reached skill level 1 in Stealth
  4228 | D:4      | Found a radiant altar of Vehumet.
  4238 | D:4      | Noticed Eustachio
  4269 | D:4      | Killed Eustachio
  4269 | D:4      | Reached skill level 6 in Polearms
  4269 | D:4      | Reached XP level 7. HP: 51/51 MP: 7/7
  4424 | D:4      | Found a white marble altar of Elyvilon.
  4772 | D:4      | Donated 40 gold pieces to Zin
  5101 | D:4      | Found a sparkling altar of Nemelex Xobeh.
  5130 | D:4      | Found a staircase to the Ecumenical Temple.
  5300 | D:5      | Entered Level 5 of the Dungeon
  5318 | D:5      | Noticed Prince Ribbit
  5338 | D:5      | Killed Prince Ribbit
  5338 | D:5      | Reached skill level 7 in Polearms
  5338 | D:5      | Reached XP level 8. HP: 37/58 MP: 8/8
  5351 | D:5      | Noticed Duvessa
  5359 | D:5      | Noticed Dowan
  5368 | D:5      | Killed Duvessa
  5376 | D:5      | Killed Dowan
  5666 | D:5      | Found a sacrificial altar of Ru.
  5670 | D:5      | Found a snail-covered altar of Cheibriados.
  5673 | D:5      | Found a shimmering blue altar of Sif Muna.
  5782 | D:5      | Found a bloodstained altar of Trog.
  5823 | D:5      | Reached skill level 8 in Polearms
  5829 | D:5      | Noticed a wizard
  5832 | D:5      | Killed a wizard
  6152 | D:5      | Reached ** piety under Zin
  6306 | D:6      | Reached skill level 5 in Dodging
  6395 | D:6      | Found a shadowy altar of Dithmenos.
  6499 | D:6      | Reached XP level 9. HP: 17/64 MP: 9/9
  7289 | D:6      | Reached skill level 9 in Polearms
  7360 | D:6      | Noticed a deep elf mage
  7624 | D:6      | Reached skill level 1 in Invocations
  7681 | D:6      | Reached *** piety under Zin
  8030 | D:6      | Killed a deep elf mage
  8130 | D:7      | Noticed Menkaure
  8416 | D:7      | Killed Menkaure
  8453 | D:7      | Found a sacrificial altar of Ru.
  8655 | D:7      | Noticed Pikel
  8675 | D:7      | Killed Pikel
  8675 | D:7      | Reached skill level 10 in Polearms
  8675 | D:7      | Reached XP level 10. HP: 58/73 MP: 11/11
  8792 | D:7      | Found Irghousi's Antique Armour Shop.
  8800 | D:7      | Bought a shiny buckler for 142 gold pieces
  8800 | D:7      | Bought a pair of gloves for 85 gold pieces
  8815 | D:7      | Reached **** piety under Zin
  9039 | D:8      | Reached skill level 1 in Shields
  9393 | D:8      | Donated 60 gold pieces to Zin
  9446 | D:8      | Reached skill level 5 in Armour
  9478 | D:8      | Reached skill level 11 in Polearms
 10138 | D:9      | Reached skill level 5 in Fighting
 10477 | D:9      | Reached ***** piety under Zin
 10766 | D:9      | Found a staircase to the Orcish Mines.
 10821 | D:9      | Reached XP level 11. HP: 79/79 MP: 13/13
 10898 | D:9      | Noticed a two-headed ogre
 10905 | D:9      | Killed a two-headed ogre
 10905 | D:9      | Reached skill level 12 in Polearms
 11264 | D:10     | Entered Level 10 of the Dungeon
 11598 | D:10     | Noticed a manticore
 11612 | D:10     | Slain by a manticore

Illustrated notes

Levels and vault maps discovered:
D:1:      nzn_arrival_crosshair, layout_basic, doesnt_xom_only_xom
D:2:      layout_basic, evilmike_ruin_ashenzari, zin_statuary, serial_forest,
          infiniplex_forest_pool, infiniplex_forest_clump_long,
          infiniplex_forest_lined_3, infiniplex_forest_clump_C,
          infiniplex_forest_clump_diagonal, infiniplex_forest_split,
          infiniplex_forest_fountain
D:3:      layout_basic, gammafunk_temple_overflow_pools,
          dancing_weapons_uskayaw, chequers_ecumenical_altar_grove,
          uniq_crazy_yiuf_cottage
D:4:      layout_basic, lemuel_coloured_pillars_altar, lemuel_doored_altar,
          nicolae_overflow_crystal_walls, minmay_temple_entry_hall,
          uniq_eustachio
D:5:      layout_rooms, minmay_overflow_temple_star_quad, first_ration,
          trog_wizard, uniq_duvessa, uniq_prince_ribbit1
D:6:      layout_cave_pods, nicolae_dithmenos_the_darkroom,
          guppyfry_early_elven_hall
D:7:      layout_cave_pools, serial_shops, shop, nicolae_ru_awakened_eye,
          uniq_menkaure, uniq_pikel
D:8:      layout_basic
D:9:      layout_stronghold, orc_0_dummy
D:10:     layout_rooms, erik_lair_island

Skill      XL: |  1  2  3  4  5  6  7  8  9 10 11 |
---------------+----------------------------------+-----
Polearms       | 4 5 6 7 8 10 11 12 | 12.3
Armour         | 1 2 3 4 5 |  5.4
Stealth        | 1 |  1.4
Dodging        | 4 5 6 |  6.9
Fighting       | 3 4 5 |  5.4
Invocations    | 2 3 |  3.9
Shields        | 1 |  1.1
Throwing       | |  2.0

Action                   |  1- 3 |  4- 6 |  7- 9 | 10-12 || total
-------------------------+-------+-------+-------+-------++-------
Melee: Trident           |   127 |   164 |   301 |    36 ||   628
       Halberd           |       |       |       |   240 ||   240
Throw: Throwing net      |       |     7 |     2 |       ||     9
       Dart              |       |    26 |    44 |     9 ||    79
       Boomerang         |       |       |       |     2 ||     2
Invok: Donate Gold       |       |       |     1 |     1 ||     2
       Recite            |       |       |     7 |    11 ||    18
       Vitalisation      |       |       |     3 |     1 ||     4
       Imprison          |       |       |     1 |       ||     1
  Use: Scroll            |     3 |     4 |    11 |     6 ||    24
       Potion            |       |       |     6 |     3 ||     9
 Stab: Sleeping          |     1 |     6 |       |     1 ||     8
       Held in net/web   |       |     2 |       |       ||     2
       Confused          |       |       |       |     1 ||     1
  Eat: Ration            |     1 |     1 |     2 |     3 ||     7
       Chunk             |       |     4 |     7 |     1 ||    12
Armor: Leather armour    |    26 |    31 |     2 |       ||    59
       Ring mail         |       |       |    83 |    87 ||   170
Dodge: Dodged            |    83 |    79 |   195 |   175 ||   532
Block: Buckler           |       |       |       |     3 ||     3
